 Dungeon Crawl Stone Soup version 0.29.1-12-g30fa7ad0bf (webtiles) character file.

Game seed: 8751359085431859725

37970 Hercules1031 the Fighter (level 13, -1/127 HPs)
             Began as a Minotaur Fighter on Dec 11, 2022.
             Was a Priest of Ashenzari.
             Slain by a harpy (12 damage)
             ... on level 1 of the Shoals on Dec 12, 2022.
             The game lasted 00:51:46 (11855 turns).

Hercules1031 the Fighter (Minotaur Fighter)        Turns: 11855, Time: 00:51:47

Health: -1/127     AC: 35    Str: 26    XL:     13   Next: 61%
Magic:  12/12      EV:  9    Int:  5    God:    Ashenzari [***...]
Gold:   1124       SH: 12    Dex: 10    Spells: 12/12 levels left

rFire   + . .      SeeInvis +   a - +1 flail "Per Aspera Ad Scientiam" {venom, Self, Evo} (curse)
rCold   . . .      Faith    .   y - +0 kite shield
rNeg    . . .      Spirit   .   x - +2 plate armour {rF+}
rPois   .          Reflect  .   n - +0 hat
rElec   .          Harm     .   I - +2 cloak of the Fated Secrets {Will+, Elem, Cun} (curse)
rCorr   .          Rampage  .   w - +2 pair of gloves of Ashenzari's Sun {Elem, Fort} (curse)
Will    +....      Clarity  +   s - +0 pair of boots "Overhang to Understand" {Elem, Cun} (curse)
Stlth   ..........              j - amulet of regeneration
HPRegen 1.11/turn               f - ring "Sibylline Failure" {AC+4, Cun, Melee} (curse)
MPRegen 0.13/turn               G - +4 ring of protection

@: very slow
A: horns 2, retaliatory headbutt
a: Renounce Religion, Shatter the Chains


You were on level 1 of the Shoals.
You worshipped Ashenzari.
Ashenzari was most pleased with you.
You visited 4 branches of the dungeon, and saw 16 of its levels.

You collected 1124 gold pieces.

Inventory:

Hand Weapons
 a - the cursed +1 flail "Per Aspera Ad Scientiam" (weapon) {venom, Self, Evo}

   It poisons the flesh of those it strikes.
   It has a curse which improves the following skills: Introspection: Fighting
   and Spellcasting.
   Evocations: Evocations.
 k - a +0 demon whip of venom
Armour
 n - a +0 hat (worn)
 s - the cursed +0 pair of boots "Overhang to Understand" (worn) {Elem, Cun}
   (You found it on level 9 of the Dungeon)

   It has a curse which improves the following skills: Elements: Fire Magic, Ice
   Magic, Air Magic and Earth Magic.
   Cunning:   Dodging and Stealth.
 w - the cursed +2 pair of gloves of Ashenzari's Sun (worn) {Elem, Fort}
   (You found it on level 3 of the Dungeon)

   It has a curse which improves the following skills: Elements: Fire Magic, Ice
   Magic, Air Magic and Earth Magic.
   Fortitude: Armour and Shields.
 x - a +2 plate armour of fire resistance (worn)
 y - a +0 kite shield (worn)
 I - the cursed +2 cloak of the Fated Secrets (worn) {Will+, Elem, Cun}
   (You took it off Crazy Yiuf on level 7 of the Dungeon)

   It has a curse which improves the following skills: Elements: Fire Magic, Ice
   Magic, Air Magic and Earth Magic.
   Cunning:   Dodging and Stealth.
Jewellery
 f - the cursed ring "Sibylline Failure" (left hand) {AC+4, Cun, Melee}
   (You found it on level 8 of the Dungeon)

   [ring of protection]

   AC:        It affects your AC (+4).
   It has a curse which improves the following skills: Cunning: Dodging and
   Stealth.
   Melee Combat: Short Blades, Long Blades, Axes, Maces & Flails, Polearms,
   Staves and Unarmed Combat.
 j - an amulet of regeneration (around neck)
 G - a +4 ring of protection (right hand)
Wands
 c - a wand of mindburst (6)
 z - a wand of charming (11)
 A - a wand of digging (1)
 H - a wand of flame (32)
 J - a wand of roots (8)
Scrolls
 b - 3 scrolls of blinking
 d - a scroll of fear
 e - 2 scrolls of magic mapping
 g - 5 scrolls of amnesia
 o - 8 scrolls of butterflies
 r - a scroll of silence
 t - 6 scrolls of teleportation
 F - a scroll of summoning
Potions
 h - a potion of might
 i - 3 potions of lignification
 l - 2 potions of magic
 p - a potion of ambrosia
 u - a potion of brilliance
 C - 4 potions of flight
Miscellaneous
 D - a lightning rod (4/4)
 E - a box of beasts


   Skills:
 + Level 13.8(15.3) Fighting
 + Level 13.7(15.3) Maces & Flails
 + Level 12.2(13.7) Armour
 + Level 5.7(8.9) Dodging
 + Level 12.2(13.8) Shields
 - Level 6.7(8.3) Evocations


You had 12 spell levels left.
You didn't know any spells.
Your spell library contained the following spells:

 Spells                   Type           Power      Damage    Failure   Level
 Freeze                   Ice            0%         1d3       99%         1
 Shock                    Conj/Air       0%         1d3       100%        1
 Slow                     Hex            0%         N/A       100%        1
 Poisonous Vapours        Pois/Air       0%         N/A       100%        2
 Call Canine Familiar     Summ           0%         N/A       100%        3
 Confusing Touch          Hex            0%         N/A       100%        3
 Conjure Flame            Conj/Fire      0%         6-21      100%        3
 Frozen Ramparts          Ice            0%         1d1       100%        3
 Ignite Poison            Fire/Tmut/Pois 0%         N/A       100%        3
 Portal Projectile        Hex/Tloc       0%         N/A       100%        3
 Vampiric Draining        Necr           0%         2d6       100%        3
 Hailstorm                Conj/Ice       0%         3d3       100%        4
 Leda's Liquefaction      Hex/Erth       0%         N/A       100%        4
 Olgreb's Toxic Radiance  Pois           0%         N/A       100%        4
 Sticky Flame             Conj/Fire      0%         2d3       100%        4
 Lee's Rapid Deconstruct  Erth           0%         3d5*      100%        5
 Eringya's Noxious Bog    Tmut/Pois      0%         N/A       100%        6
 Statue Form              Tmut/Erth      0%         N/A       100%        6
 Ozocubu's Refrigeration  Ice            0%         4d7       100%        7
 Ignition                 Fire           0%         3d3       100%        8
 Chain Lightning          Conj/Air       0%         N/A       100%        9


Dungeon Overview and Level Annotations

Branches:
Dungeon (12/15)            Temple (1/1) D:7            Lair (2/5) D:9
 Shoals (1/4) Lair:2          Orc (0/2) D:11
  Snake: Lair:2-3    Spider: Lair:2-3

Altars:
Ashenzari
Cheibriados
Dithmenos
Elyvilon
Fedhas
Gozag
Hepliaklqana
Kikubaaqudgha
Makhleb
Nemelex Xobeh
Okawaru
Qazlal
Ru
Sif Muna
Trog
Uskayaw
Vehumet
Wu Jian
Xom
Yredelemnul
Zin
The Shining One

Shops:
D:3 *


Innate Abilities, Weirdness & Mutations

You have a pair of horns on your head.
You reflexively headbutt those who attack you in melee.


Message History

The harpy barely misses you. x2; The harpy claws you but does no damage.
You block the harpy's attack. The harpy claws you but does no damage.
The water elemental hits you. x2; The harpy claws you but does no damage. x2
The merfolk hits you but does no damage.
The merfolk siren chants a haunting song.
You are unaffected.
The merfolk aquamancer hits you but does no damage.
The water elemental completely misses you.
Your magical effects are unravelling.
You feel magically purged.
You feel less wooden.
The cursed +2 cloak of the Fated Secrets {Will+, Elem, Cun} unmelds from your body.
Your +0 hat unmelds from your body.
The cursed +2 pair of gloves of Ashenzari's Sun {Elem, Fort} unmelds from your body.
The cursed +0 pair of boots "Overhang to Understand" {Elem, Cun} unmelds from your body.
Your +2 plate armour of fire resistance unmelds from your body.
You feel strong-willed.
You feel resistant to fire.
* * * LOW HITPOINT WARNING * * *
Your lungs strain for air!
The harpy screeches!
The harpy claws you but does no damage. x2; You block the harpy's attack.
The harpy claws you but does no damage. x2; You block the harpy's attack.
The wind drake bites you but does no damage.
The water elemental hits you!
* * * LOW HITPOINT WARNING * * *
The water elemental hits you. You block the merfolk's attack.
The merfolk siren chants a haunting song.
You are unaffected.
The water elemental hits you.
You block the merfolk aquamancer's attack.
The harpy barely misses you. You furiously retaliate!
You headbutt the harpy. The harpy claws you but does no damage.
You cannot read scrolls while unable to breathe!
Okay, then.
You slip free of the water engulfing you.
The harpy attacks as you move away! The harpy barely misses you.
You block the harpy's attack.
Found a stone staircase leading down.
You gasp with relief as air once again reaches your lungs.
The harpy screeches!
The harpy claws you!
You die...

, .>..... .~..,...~....
~~..... #~.###......##
!......##~..##.#.~~..##
~~........~~$...#.~~....
~~.............$.~~....
~ ~
~...../........~~~~..
#mH~~~...~~.~~~~~~~
,*##.H@kH~~~~<~~~~~~~~ ~
#HmE~m~~~~~..~~~~~~. ~ ~
~~~..~EEH~~~~~~..~.~~~.
~ ~
~~~~~~~S~~H~..~~~...~~.
~~~~~~~~~~~~~..###.....~
~~~~~~~~~~~:..# .....~ ~
~ ~~~~~~~m≈~~~~..#
....~~ ≈≈≈≈~~≈≈≈~~~~~...
#..~~~ ~
≈≈≈≈≈≈≈≈≈≈~~~~....#....


You could see a sea snake, a merfolk aquamancer, a wind drake (repels missiles,
very poisoned), 2 merfolk, 3 water elementals, a merfolk siren and 6 harpies.

Vanquished Creatures
  Erolcha (D:11)
  A boulder beetle (D:11)
  Erica (Lair:2)
  A catoblepas (Lair:1)
  A hydra (Lair:2)
  A two-headed ogre (D:12)
  Urug (Lair:2)
  Nergalle (D:11)
  Amaemon (Lair:1)
  Pikel (D:6)
  2 harpies (Shoals:1)
  A deep elf pyromancer (D:12)
  2 ugly things (D:12)
  A merfolk siren (Lair:2)
  A cyclops (D:11)
  Maurice (D:11)
  A black mamba (Lair:2)
  Maggie (Lair:1)
  A gargoyle (D:11)
  A cane toad (Lair:2)
  An orange demon (Lair:1)
  2 rime drakes (Lair:2)
  An efreet (D:11)
  3 kobold demonologists (D:12)
  5 trolls
  A vampire (D:9)
  21 yaks
  8 wyverns
  3 wraiths
  Grum (Lair:1)
  2 steam dragons
  Menkaure (D:7)
  4 vampire mosquitoes (D:12)
  An acid dragon (D:11)
  Duvessa (D:6)
  10 water moccasins
  7 orc warriors
  A sky beast (D:8)
  2 ice beasts
  A black bear (D:5)
  An ogre (D:7)
  10 centaurs
  3 wolves
  A lemure (D:6)
  3 kobold brigands
  3 bullfrogs
  A gnoll sergeant (D:10)
  3 necrophages (D:6)
  5 scorpions
  Dowan (D:6)
  5 wights (D:6)
  4 killer bees (D:9)
  4 electric eels
  6 howler monkeys
  8 hounds
  3 gnoll boudas
  8 orc priests
  7 jellies
  3 iguanas
  4 hell rats (Lair:2)
  Crazy Yiuf (D:7)
  Ijyb (D:4)
  10 orc wizards
  11 adders
  11 gnolls
  2 white imps
  An ufetubus (D:6)
  A worm (D:2)
  3 dart slugs
  42 orcs
  4 bat zombies (D:9)
  13 endoplasms
  4 giant cockroaches
  9 hobgoblins
  9 jackals
  7 quokkas
  9 ball pythons
  6 bats
  5 frilled lizards
  13 goblins
  30 kobolds
  6 rats
  A rat zombie (D:9)
380 creatures vanquished.

Vanquished Creatures (others)
  A kobold (D:12)
  6 plants
7 creatures vanquished.

Grand Total: 387 creatures vanquished

Notes
Turn   | Place    | Note
-------+----------+-------------------------------------------
     0 | D:1      | Hercules1031 the Minotaur Fighter began the quest for the
                  | Orb.
     0 | D:1      | Reached XP level 1. HP: 19/19 MP: 0/0
   350 | D:1      | Reached XP level 2. HP: 27/27 MP: 1/1
   451 | D:1      | Found a faded altar of an unknown god.
   650 | D:1      | Reached XP level 3. HP: 18/33 MP: 2/2
  1281 | D:2      | Identified the +5 short sword of Megalomania {distort,
                  | rElec Str+6 Dex+2}
  1405 | D:2      | Reached XP level 4. HP: 40/40 MP: 3/3
  1899 | D:3      | Reached XP level 5. HP: 41/47 MP: 4/4
  2116 | D:3      | Found an iron altar of Okawaru.
  2143 | D:3      | Found a glowing silver altar of Zin.
  2143 | D:3      | You fall into a shaft and drop 1 floor!
  2160 | D:3      | Found Juonapt's Assorted Antiques.
  2190 | D:3      | Found a glowing golden altar of the Shining One.
  2372 | D:3      | Reached skill level 5 in Fighting
  2372 | D:3      | Reached skill level 5 in Shields
  2699 | D:4      | Found a sacrificial altar of Ru.
  2721 | D:4      | Reached skill level 5 in Armour
  2830 | D:4      | Reached XP level 6. HP: 56/56 MP: 5/5
  3106 | D:4      | Found a hide-covered altar of Uskayaw.
  3107 | D:4      | Found a bloodstained altar of Trog.
  3253 | D:4      | Noticed Ijyb
  3267 | D:4      | Killed Ijyb
  3436 | D:5      | Entered Level 5 of the Dungeon
  3449 | D:5      | Noticed a wyvern
  3458 | D:5      | Killed a wyvern
  3459 | D:5      | Reached skill level 5 in Maces & Flails
  3473 | D:5      | Reached XP level 7. HP: 59/62 MP: 6/6
  3990 | D:5      | Found a hazy altar of Hepliaklqana.
  4143 | D:6      | Reached XP level 8. HP: 71/71 MP: 7/7
  4143 | D:6      | Noticed Dowan
  4144 | D:6      | Noticed Duvessa
  4152 | D:6      | Killed Dowan
  4156 | D:6      | Killed Duvessa
  4534 | D:6      | Reached XP level 9. HP: 62/81 MP: 8/8
  4832 | D:6      | Noticed Pikel
  4844 | D:6      | Reached skill level 1 in Evocations
  4859 | D:6      | Killed Pikel
  5240 | D:7      | Found a staircase to the Ecumenical Temple.
  5249 | Temple   | Entered the Ecumenical Temple
  5639 | D:7      | Noticed Menkaure
  5647 | D:7      | Killed Menkaure
  5754 | D:7      | Found a runed translucent door.
  5755 | D:7      | Noticed Crazy Yiuf
  5759 | D:7      | Killed Crazy Yiuf
  5992 | D:8      | Reached XP level 10. HP: 57/91 MP: 9/9
  6192 | D:8      | Found a broken altar of Ashenzari.
  6194 | D:8      | Found a shimmering altar of Xom.
  6256 | D:8      | Became a worshipper of Ashenzari the Shackled
  6707 | D:9      | Found a staircase to the Lair.
  7089 | D:9      | Reached skill level 10 in Shields
  7133 | D:9      | Reached skill level 10 in Fighting
  7133 | D:9      | Reached skill level 10 in Armour
  7348 | D:9      | Got Efroxtut's Tractate on Hazy Shapes
  7478 | D:9      | Found an ancient bone altar of Kikubaaqudgha.
  7624 | D:10     | Entered Level 10 of the Dungeon
  7668 | D:10     | Reached skill level 10 in Maces & Flails
  7770 | D:10     | Found a blossoming altar of Fedhas.
  7814 | D:10     | Reached XP level 11. HP: 99/101 MP: 10/10
  7901 | D:10     | Reached skill level 5 in Evocations
  8111 | D:11     | Reached * piety under Ashenzari
  8132 | D:11     | Noticed Maurice
  8143 | D:11     | Noticed Erolcha
  8164 | D:11     | Killed Erolcha
  8165 | D:11     | Reached skill level 1 in Dodging
  8227 | D:11     | Killed Maurice
  8262 | D:11     | Found a staircase to the Orcish Mines.
  8294 | D:11     | Noticed a boulder beetle
  8321 | D:11     | Killed a boulder beetle
  8421 | D:11     | Noticed Nergalle
  8436 | D:11     | Killed Nergalle
  8629 | D:11     | Identified the +6 scale mail of Happy Babbling {Stlth+}
  8794 | D:12     | Noticed a red ugly thing
  8796 | D:12     | Noticed a green ugly thing
  8804 | D:12     | Noticed a soul eater
  8805 | D:12     | Noticed a sixfirhy
  8820 | D:12     | Killed a cyan ugly thing
  8826 | D:12     | Killed a red ugly thing
  9203 | D:12     | Noticed a two-headed ogre
  9231 | D:12     | Killed a two-headed ogre
  9274 | D:12     | Noticed a deep elf pyromancer
  9280 | D:12     | Killed a deep elf pyromancer
  9281 | D:12     | Reached XP level 12. HP: 112/112 MP: 11/11
  9889 | Lair:1   | Entered Level 1 of the Lair of Beasts
  9956 | Lair:1   | Found a sparkling altar of Nemelex Xobeh.
 10103 | Lair:1   | Noticed Grum
 10104 | Lair:1   | Reached ** piety under Ashenzari
 10111 | Lair:1   | Killed Grum
 10132 | Lair:1   | Noticed Amaemon
 10148 | Lair:1   | Killed Amaemon
 10350 | Lair:1   | Reached XP level 13. HP: 125/125 MP: 12/12
 10369 | Lair:1   | Noticed Maggie
 10383 | Lair:1   | Killed Maggie
 10952 | Lair:2   | Noticed Urug
 10960 | Lair:2   | Killed Urug
 11074 | Lair:2   | Reached skill level 5 in Dodging
 11193 | Lair:2   | Noticed Erica
 11209 | Lair:2   | Killed Erica
 11317 | Lair:2   | Reached *** piety under Ashenzari
 11380 | Lair:2   | Found a staircase to the Shoals.
 11828 | Shoals:1 | Entered Level 1 of the Shoals
 11854 | Shoals:1 | Identified the cursed +2 cloak of the Fated Secrets {Will+,
                  | Elem, Cun} (You took it off Crazy Yiuf on level 7 of the
                  | Dungeon)
 11854 | Shoals:1 | Identified the cursed +2 pair of gloves of Ashenzari's Sun
                  | {Elem, Fort} (You found it on level 3 of the Dungeon)
 11854 | Shoals:1 | Identified the cursed +0 pair of boots "Overhang to
                  | Understand" {Elem, Cun} (You found it on level 9 of the
                  | Dungeon)
 11855 | Shoals:1 | Slain by a harpy

Illustrated notes

Levels and vault maps discovered:
D:1:      heliophobic_arrival_henge, layout_rooms,
          shapermc_ecumenical_altar_pompeii
D:2:      layout_loops_ring, minmay_hedge_maze, hangedman_feature_mirror
D:3:      layout_rooms, mainiacjoe_overflow_big_doors, tso_metal_star,
          serial_shops, nicolae_shop_hallway_plus, serial_bayou_pond_d,
          grunt_decor_clamped, chequers_serial_rivers_large_b
D:4:      kennysheep_goblin_castle, layout_cave_pools, lemuel_doored_altar,
          gammafunk_temple_overflow_statue
D:5:      layout_loops_ring, kennysheep_mini_moat, kennysheep_crisscross
D:6:      minmay_octagon_keep, layout_basic, uniq_duvessa, uniq_pikel
D:7:      layout_cave_pools, minmay_temple_entry_mist, amethyst_killhole,
          uniq_menkaure, uniq_crazy_yiuf_cottage
D:8:      layout_cave_pools, mainiacjoe_overflow_catwalk_spiral,
          serial_bayou_pond_e, chequers_serial_rivers_micro_a
D:9:      layout_irregular_city, lemuel_zombie_altar_kikubaaqudgha,
          erik_lair_island
D:10:     layout_rooms, fedhas_altar_2
D:11:     layout_rooms, hiddenorc1_lemuel, uniq_erolcha, uniq_maurice,
          uniq_nergalle
D:12:     layout_basic
Temple:   chequers_temple_sunken
Lair:1:   layout_roguey, lemuel_centaur_altar, serial_bayou_shore_b,
          uniq_amaemon, uniq_maggie, uniq_grum
Lair:2:   layout_big_grid, minmay_shoals_entry_lonely_mermaid, st_stairs_13,
          cheibrodos_lair_reptile_den, uniq_urug, uniq_erica
Shoals:1: layout_shoals

Skill      XL: |  1  2  3  4  5  6  7  8  9 10 11 12 13 |
---------------+----------------------------------------+-----
Shields        | 4 5 6 8 9 10 11 12 | 12.2
Armour         | 4 5 6 7 9 10 11 12 | 12.2
Fighting       | 4 5 6 7 9 10 11 13 | 13.8
Maces & Flails | 3 4 5 6 7 8 10 11 13 | 13.7
Evocations     | 3 4 6 |  6.7
Dodging        | 4 5 |  5.7

Action                   |  1- 3 |  4- 6 |  7- 9 | 10-12 | 13-15 || total
-------------------------+-------+-------+-------+-------+-------++-------
Melee: Flail             |   109 |   168 |   231 |   537 |   196 ||  1241
       Headbutt          |    14 |    20 |    47 |   105 |    44 ||   230
Invok: Curse Item        |       |       |       |     3 |     2 ||     5
  Use: Scroll            |       |    13 |    10 |     3 |     2 ||    28
       Potion            |       |       |       |    10 |     6 ||    16
Armor: Scale mail        |    76 |    25 |       |       |       ||   101
       Chain mail        |       |   115 |   133 |   105 |       ||   353
       Plate armour      |       |       |       |   451 |   167 ||   618
       Skin              |       |       |       |       |    93 ||    93
Dodge: Dodged            |    41 |    93 |   165 |   257 |    96 ||   652
Block: Buckler           |    30 |    53 |    61 |   217 |       ||   361
       Kite shield       |       |       |       |    71 |   186 ||   257
